Unix NetHack Version 5.0.0-0 post-release - last build Jun 10 2026 00:39:30 (3ee93aec679c4c4259841fe613dc97188e26a321,branch:main).

Game began 2026-06-15 15:09:02, ended 2026-06-15 21:16:40.

Drastanta, neutral male human Barbarian

    ......
    .....
    ....(
    ....
    ...#
    ...#
    ...# #
    >..#.#             ###
    %....#              .#
    ...# #       ##  ###.#
    ...#         ..   .#.
    ...###########.###.#.#
    ...#.%...#...#.....#.#
    ...#..####.#.##)%#.#.#######.# #  ## #####   # #
    ...#[......#...[...#.........# ..........#   ....#   #   #   #     #
    ....!..^.....[.....)..[.%............^......?0..................[......
    (...........).....M...a................................................
    .......@..........M..f............!..................................).
    ...+..............@.E.....M............................................

Drastanta the Brigand      St:18/04 Dx:16 Co:21 In:7 Wi:7 Ch:7  Neutral
Dlvl:10 $:5470 HP:0(98) Pw:17(17) AC:5  Xp:10 T:12433  Satiated

Latest messages:
 The dwarf wields a pick-axe!
 You smite the gremlin!
 The gremlin hits!
 The gremlin hits again!
 The gremlin bites!
 The gremlin hits!
 You see a boulder start to roll.
 The boulder hits the orc mummy!
 The large cat yowls!
 You smite the large cat!
 You smite the gremlin!
 The gremlin misses!
 The gremlin misses!
 The gremlin misses!
 The gremlin misses!
 You kill the gremlin!
 The dwarf swings his pick-axe.
 The dwarf hits!
 You smite the dwarf!
 The large cat drops a burnt elven leather helm.
 You kill the dwarf!
 You see here a burnt elven leather helm.
 The Woodland-elf picks up a pair of buckled boots.
 The Woodland-elf puts on a pair of buckled boots.
 The beautiful water nymph seduces you and you start taking off your dragon mail.
 The water nymph pretends to be friendly.
 The large cat picks up a scroll called 120.
 The large cat bites the water nymph.
 The water nymph smiles at the large cat engagingly.
 The water nymph steals a scroll called 120 from the large cat!
 The water nymph suddenly disappears!
 The giant mummy hits!
 The giant mummy hits again!
 The Woodland-elf picks up an elven broadsword.
 The giant mummy hits!
 The giant mummy hits again!
 The giant mummy hits!
 The giant mummy hits again!
 The giant mummy hits!
 The giant mummy hits again!
 The giant mummy hits!
 The giant mummy hits again!
 The giant mummy hits!
 You die...
 Do you want your possessions identified? [ynq] (y) y
 Do you want to see your attributes? [ynq] (y) y
 Do you want an account of creatures vanquished? [ynaq] (y) n
 Do you want a list of species genocided? [ynaq] (y) n
 Do you want to see your conduct and achievements? [ynq] (y) y
 Do you want to see the dungeon overview? [ynq] (y) n

Inventory:
 Coins    ('$')
  $ - 5470 gold pieces
 Amulets  ('"')
  L - an uncursed amulet of reflection (being worn)
 Weapons  (')')
  a - the rustproof +0 Cleaver (weapon in hands)
 Armor    ('[')
  U - a blessed +2 dwarvish iron helm (being worn)
  A - an uncursed rusty +0 pair of iron shoes (being worn)
  w - a blessed rotproof +3 gray dragon scale mail
 Comestibles  ('%')
  E - 2 uncursed food rations
  Z - 2 uncursed tripe rations
  X - an uncursed lizard corpse
 Scrolls  ('?')
  C - an uncursed scroll of confuse monster
  i - a cursed scroll of confuse monster
  n - an uncursed scroll of destroy armor
  m - 2 uncursed scrolls of earth
  r - an uncursed scroll of enchant armor
  W - an uncursed scroll of enchant weapon
  J - a cursed scroll of enchant weapon
  j - an uncursed scroll of fire
  q - an uncursed scroll of gold detection
  M - an uncursed scroll of magic mapping
  K - 2 uncursed scrolls of remove curse
  R - an uncursed scroll of taming
  p - an uncursed scroll of teleportation
 Potions  ('!')
  c - an uncursed potion of acid
  O - an uncursed potion of confusion
  f - an uncursed potion of extra healing
  z - an uncursed potion of fruit juice
  y - an uncursed potion of gain energy
  Y - an uncursed potion of hallucination
  s - an uncursed potion of sleeping
  P - a blessed potion of speed
  H - 2 potions of holy water
 Rings    ('=')
  h - an uncursed ring of conflict
  d - an uncursed ring of fire resistance
  Q - an uncursed +3 ring of gain constitution (on left hand)
  N - an uncursed +1 ring of gain strength (on right hand)
  T - a cursed ring of hunger
  l - an uncursed +1 ring of increase damage
  b - an uncursed ring of invisibility
  k - an uncursed ring of sustain ability
 Wands    ('/')
  t - a wand of cold (0:5)
  v - a wand of create monster (0:0)
  S - a wand of create monster (0:0)
  u - a wand of lightning (0:4)
  V - a wand of magic missile (0:6)
  o - a wand of nothing (0:11)
  I - a wand of secret door detection (0:8)
  F - a wand of stasis (0:4)
  G - a wand of striking (0:1)
  D - a wand of teleportation (0:5)
 Tools    ('(')
  B - an uncursed blindfold
  e - a blessed oil lamp
  g - an uncursed skeleton key
 Gems/Stones  ('*')
  x - a blessed luckstone

Drastanta the Barbarian's attributes:

Background:
 You were a Brigand, a level 10 male human Barbarian.
 You were neutral, on a mission for Crom
 who was opposed by Mitra (lawful) and Set (chaotic).
 You were right-handed.
 You were in the Dungeons of Doom, on level 10, a very big room.
 You entered the dungeon 12433 turns ago.
 There was a new moon in effect when your adventure ended.
 You had 7103 experience points, 2897 more were needed to attain level 11.

Basics:
 You had 0 out of 98 hit points.
 You had all 17 energy points (spell power).
 Your armor class was 5.
 Your wallet contained 5470 zorkmids.
 Autopickup was on for '$' plus thrown.

Final Characteristics:
 Your strength was 18/04 (base:18/03, limit:18/100).
 Your dexterity was 16 (limit:18).
 Your constitution was 21 (base:18, innate limit:18).
 Your intelligence was 7 (limit:18).
 Your wisdom was 7 (limit:18).
 Your charisma was 7 (limit:18).

Final Status:
 You were satiated.
 You were unencumbered.
 You were wielding an axe.
 You had basic skill with axe and could have enhanced that.

Final Attributes:
 You were piously aligned.
 You were cold resistant.
 You were poison resistant.
 You were telepathic.
 You were fast.
 You had reflection.
 You were very lucky.
 You had extra luck.
 Good luck did not time out for you.
 You are dead.

Miscellaneous:
 You encountered 1 bones level.
 Total elapsed playing time was 3 hours, 25 minutes and 16 seconds.

Major events:
 Turn
    1: Drastanta the neutral male human Barbarian entered the dungeon
  249: performed his first genocide (mind flayers)
 1405: entered the Gnomish Mines
 1420: attained the rank of Pillager (level 3)
 2371: attained the rank of Bandit (level 6)
 3828: reached Mine Town
 7133: genocided class L
 7257: made his first wish - "Blessed fixed +3 gray dragon scale mail", got "a gray dragon scale mail"
 8382: was bestowed with Cleaver by Crom
 9090: entered Sokoban
 9224: read a Discworld novel
 9444: completed 1st Sokoban level
 9768: completed 2nd Sokoban level
10100: completed 3rd Sokoban level
11163: completed 4th Sokoban level
11249: attained the rank of Brigand (level 10)
11439: acquired the Sokoban amulet of reflection
11777: entered the Bigroom
12433: killed by a giant mummy, while taking off clothes

You didn't know any spells.

Skills:
 Fighting Skills
   bare handed combat [Basic]
   two weapon combat  [Unskilled]
   riding             [Unskilled]
 Weapon Skills
   dagger             [Unskilled]
   axe                [Basic]
   pick-axe           [Unskilled]
   short sword        [Unskilled]
   broadsword         [Unskilled]
   long sword         [Unskilled]
   two-handed sword   [Basic]
   saber              [Unskilled]
   club               [Unskilled]
   mace               [Unskilled]
   morning star       [Unskilled]
   flail              [Unskilled]
   hammer             [Unskilled]
   quarterstaff       [Unskilled]
   spear              [Unskilled]
   trident            [Unskilled]
   bow                [Unskilled]
 Spellcasting Skills
   attack spells      [Unskilled]
   escape spells      [Unskilled]

Voluntary challenges:
 Character rerolling was not enabled.
 You genocided 5 types of monsters.
 You never polymorphed an object.
 You never changed form.
 You used 1 wish.
 You did not wish for any artifacts.
 You did not violate any of the special Sokoban rules.
Achievements:
 You entered a shop.
 You entered the Gnomish Mines.
 You attained the rank of Pillager.
 You attained the rank of Bandit.
 You entered Minetown.
 You entered a temple.
 You entered Sokoban.
 You read from a Discworld novel.
 You attained the rank of Brigand.
 You completed Sokoban.
 You entered the Big Room.

 The Dungeons of Doom: levels 1 to 12
    Level 1:
       A fountain.
    Level 2:
       A scroll shop, a grave.
       Stairs down to The Gnomish Mines.
    Level 3:
       Many altars.
    Level 4:
    Level 5:
       An altar.
    Level 6:
    Level 7:
       Many fountains.
       Oracle of Delphi.
    Level 8:
       A grave.
       Stairs up to Sokoban, level 7.
    Level 10: <- You were here.
       Many trees.
       A very big room.
       Final resting place for
          you, killed by a giant mummy, while taking off clothes.
    Level 11:
    Level 12:
 The Gnomish Mines: levels 3 to 6
    Level 3:
       A grave.
       Final resting place for
          spody-Wiz-Gno-Mal-Neu, killed by a hobbit.
    Level 4:
    Level 5:
    Level 6:
       Many shops, a temple and an altar, some fountains.
 Sokoban: levels 7 up to 4
    Level 4:
       Solved.
    Level 5:
       Solved.
    Level 6:
       Solved.
    Level 7:
       Solved.


Vanquished creatures:
  a ghost
  a giant mimic
  a long worm
 an elf-noble
  a warg
  a winter wolf
  a small mimic
  a xan
  2 ogre leaders
  a quantum mechanic
  3 trolls
  a freezing sphere
  a flaming sphere
  a tengu
  2 ochre jellies
 an elf mummy
  a python
  a wraith
  2 Grey-elves
  a chameleon
  4 giant beetles
  2 cockatrices
  7 wolves
  5 winter wolf cubs
  a lynx
  a gremlin
  3 leprechauns
 an orc-captain
  2 giant spiders
  3 black lights
  2 vampire bats
  4 gnome rulers
  a dwarf mummy
  2 ogres
  a rust monster
  2 yetis
  4 lizards
  a dingo
  a dog
  a housecat
  2 jaguars
  a dwarf leader
  a blue jelly
  a dust vortex
  5 ravens
  a snake
  2 apes
  4 human zombies
  a rope golem
  6 Woodland-elves
  3 soldier ants
  2 fire ants
  a bugbear
 an imp
  2 quasits
  2 wood nymphs
  a water nymph
  2 mountain nymphs
  9 Mordor orcs
 14 Uruk-hai
  2 orc shamans
  a rock piercer
  a rock mole
  a pony
  3 fog clouds
  7 yellow lights
  a shrieker
 10 gnome leaders
  2 gnomish wizards
  2 gray oozes
  8 elf zombies
  2 ghouls
  a straw golem
  3 giant ants
  a little dog
  6 floating eyes
  2 kittens
 11 dwarves
  a kobold shaman
 31 hill orcs
  6 rothes
  a rabid rat
  3 centipedes
  a giant bat
 an orc zombie
  2 dwarf zombies
  2 wererats
  a werejackal
  8 iguanas
  2 acid blobs
  a hobbit
  6 manes
  2 large kobolds
  a hobgoblin
  2 giant rats
  2 cave spiders
  2 brown molds
  3 yellow molds
  2 green molds
 26 gnomes
  a garter snake
  a gnome zombie
  3 geckos
 11 jackals
  3 foxes
  3 kobolds
  a goblin
  9 grid bugs
  a bat
  8 lichens
  3 kobold zombies
 11 newts
359 creatures vanquished.

Genocided species:
 arch-liches
 master liches
 demiliches
 liches
 mind flayers
5 species genocided.

Game over:
                       ----------
                      /          \
                     /    REST    \
                    /      IN      \
                   /     PEACE      \
                  /                  \
                  |    Drastanta     |
                  |     5470 Au      |
                  |   killed by a    |
                  |   giant mummy    |
                  |                  |
                  |                  |
                  |       2026       |
                 *|     *  *  *      | *
        _________)/\\_//(\/(/\)/\//\/|_)_______

Goodbye Drastanta the Barbarian...

You died in The Dungeons of Doom on dungeon level 10 with 33945 points,
and 5470 pieces of gold, after 12433 moves.
You were level 10 with a maximum of 98 hit points when you died.

